 Dungeon Crawl Stone Soup version 0.30.0-29-ga12c61a403 (webtiles) character file.

Game seed: 14344299345226691520

1694 seaoflcl the Cleaver (level 8, -14/71 HPs)
             Began as a Minotaur Fighter on June 7, 2023.
             Was a Believer of Okawaru.
             Demolished by a two-headed ogre
             ... wielding a +0 giant club
              (17 damage)
             ... on level 8 of the Dungeon.
             The game lasted 00:07:16 (6203 turns).

seaoflcl the Cleaver (Minotaur Fighter)             Turns: 6203, Time: 00:07:17

Health: -14/71     AC: 12    Str: 23    XL:     8   Next: 72%
Magic:  5/7        EV: 10    Int:  5    God:    Okawaru [**....]
Gold:   656        SH:  6    Dex: 10    Spells: 7/7 levels left

rFire   . . .        s - +0 hand axe (freeze)
rCold   . . .        c - +0 buckler
rNeg    . . .        P - +0 chain mail
rPois   .            (helmet restricted)
rElec   .            (no cloak)
rCorr   .            (no gloves)
SInv    .            (no boots)
Will    .....        (no amulet) Stlth
                     (no ring)
HPRegen 0.31/turn    (no ring)
MPRegen 0.10/turn

%: no passive effects
@: heroic
A: horns 2, retaliatory headbutt
a: Renounce Religion, Heroism


You were on level 8 of the Dungeon.
You worshipped Okawaru.
Okawaru was pleased with you.
You visited 1 branch of the dungeon, and saw 8 of its levels.
You also visited: Ossuary.

You collected 656 gold pieces.

Inventory:

Hand Weapons
 a - a +0 war axe
 s - a +0 hand axe of freezing (weapon)
Missiles
 C - 2 poisoned darts (quivered)
 N - 6 boomerangs
Armour
 c - a +0 buckler (worn)
 P - a +0 chain mail (worn)
Jewellery
 i - a ring of magical power
 r - a ring of see invisible
 t - a ring of protection from cold
 v - a +6 ring of strength
 A - a ring of resist corrosion
 D - a ring of protection from fire
Wands
 p - a wand of digging (7)
 E - a wand of paralysis (8)
 F - a wand of roots (4)
Scrolls
 h - 6 scrolls of teleportation
 k - a scroll of identify
 m - a scroll of immolation {unknown}
 n - 2 scrolls of silence
 o - 3 scrolls of amnesia
 q - a scroll of torment {unknown}
 u - 2 scrolls of poison
 y - a scroll of noise {unknown}
 B - 2 scrolls of fog {unknown}
 H - 2 scrolls of blinking {unknown}
 K - a scroll of magic mapping {unknown}
 L - a scroll of vulnerability {unknown}
Potions
 d - 2 potions of attraction {unknown}
 e - 3 potions of haste
 f - 4 potions of flight
 g - 3 potions of curing
 j - 4 potions of brilliance
 l - 3 potions of berserk rage {unknown}
 w - a potion of magic {unknown}
 x - 2 potions of heal wounds
 z - a potion of lignification {unknown}
 G - 2 potions of degeneration {unknown}
 I - a potion of cancellation {unknown}
 J - 2 potions of mutation {unknown}
 M - a potion of ambrosia {unknown}
 O - a potion of invisibility {unknown}


   Skills:
 + Level 6.7(11.7) Fighting
 * Level 8.4(13.4) Axes
 + Level 3.3(8.3) Throwing
 + Level 6.6(11.6) Armour
 + Level 6.6(11.6) Shields


You had 7 spell levels left.
You didn't know any spells.
Your spell library contained the following spells:

 Spells                   Type           Power      Damage    Failure   Level
 Beastly Appendage        Tmut           0%         N/A       95%         1
 Freeze                   Ice            0%         1d3       95%         1
 Lesser Beckoning         Tloc           0%         N/A       98%         2
 Wereblood                Tmut           0%         N/A       98%         2
 Frozen Ramparts          Ice            0%         1d1       100%        3
 Gell's Gravitas          Tloc           0%         N/A       100%        3
 Hailstorm                Conj/Ice       0%         3d3       100%        3
 Portal Projectile        Hex/Tloc       0%         N/A       100%        3
 Spider Form              Tmut/Pois      0%         N/A       100%        3
 Teleport Other           Tloc           0%         N/A       100%        3
 Leda's Liquefaction      Hex/Erth       0%         N/A       100%        4
 Alistair's Intoxication  Tmut/Pois      0%         N/A       100%        5
 Borgnjor's Vile Clutch   Necr/Erth      0%         N/A       100%        5
 Eringya's Noxious Bog    Tmut/Pois      0%         N/A       100%        6
 Call Canine Familiar     Summ           Unusable   N/A       N/A         3

Dungeon Overview and Level Annotations

Branches:
Dungeon (8/15)             Temple (0/1) D:4         Ossuary (visited)
   Lair: D:8-11

Altars:
Fedhas
Gozag
Nemelex Xobeh
Okawaru
Qazlal

Shops:
D:6 :


Innate Abilities, Weirdness & Mutations

You have a pair of horns on your head.
You reflexively headbutt those who attack you in melee.


Message History

The two-headed ogre hits you with a +0 giant club!
The two-headed ogre hits you with a +0 dire flail!
You completely miss the two-headed ogre.
The two-headed ogre is lightly wounded.
An orc warrior comes into view. It is wielding a +0 glaive.
You hit the two-headed ogre. You freeze the two-headed ogre.
You headbutt the two-headed ogre, but do no damage.
The two-headed ogre is moderately wounded.
The two-headed ogre hits you with a +0 giant club.
The two-headed ogre completely misses you.
You hit the two-headed ogre. You freeze the two-headed ogre.
The two-headed ogre is moderately wounded.
You hit the two-headed ogre but do no damage.
Your headbutt misses the two-headed ogre.
The two-headed ogre is moderately wounded.
The two-headed ogre hits you with a +0 giant club!!
* * * LOW HITPOINT WARNING * * *
The two-headed ogre hits you with a +0 dire flail.
* * * LOW HITPOINT WARNING * * *
You block the orc warrior's attack.
You feel much better.
The two-headed ogre hits you with a +0 giant club!
The two-headed ogre hits you with a +0 dire flail!
* * * LOW HITPOINT WARNING * * *
The orc warrior barely misses you.
You feel much better.
The two-headed ogre looks more healthy.
The orc warrior closely misses you.
You gain the combat prowess of a mighty hero.
The two-headed ogre hits you with a +0 giant club!!
* * * LOW HITPOINT WARNING * * *
The two-headed ogre hits you with a +0 dire flail!
* * * LOW HITPOINT WARNING * * *
You block the orc warrior's attack.
You hit the two-headed ogre. You freeze the two-headed ogre.
You headbutt the two-headed ogre!
The two-headed ogre is heavily wounded.
You barely miss the two-headed ogre.
The two-headed ogre is heavily wounded.
The two-headed ogre hits you with a +0 giant club!
You die...

. # #.
#.##.
.#(. ..#
#.# #o#
#O# #@# #
#.#.#
###.#.#
#.....#
#...#<###
....###.#
..# #.# .
#.# #.#


You could see a two-headed ogre and an orc warrior.

Vanquished Creatures
  Menkaure (D:6)
  Duvessa (D:7)
  2 ice beasts
  A centaur (D:7)
  2 ogres
  2 phantoms
  A scorpion (D:7)
  Dowan (D:7)
  3 killer bees (D:7)
  A howler monkey (D:6)
  3 hounds
  3 sleepcaps (D:6)
  2 iguanas
  Natasha (thrice) (D:4)
  4 orc wizards
  8 mummies (Ossuary)
  An adder (D:2)
  2 ufetubi (D:5)
  4 worms
  2 dart slugs
  18 orcs
  6 endoplasms
  2 giant cockroaches
  2 goblins
  5 hobgoblins
  7 jackals
  5 quokkas
  3 ball pythons
  4 bats
  3 frilled lizards
  4 hobgoblin zombies (Ossuary)
  7 kobolds
  A kobold zombie (Ossuary)
  3 orc zombies (Ossuary)
  5 rats
122 creatures vanquished.

Notes
Turn   | Place    | Note
-------+----------+-------------------------------------------
     0 | D:1      | seaoflcl the Minotaur Fighter began the quest for the Orb.
     0 | D:1      | Reached XP level 1. HP: 19/19 MP: 0/0
   165 | D:1      | Reached XP level 2. HP: 20/27 MP: 1/1
   491 | D:1      | Reached skill level 3 in Axes
  1025 | D:2      | Reached XP level 3. HP: 25/33 MP: 2/2
  1167 | D:2      | Found a faded altar of an unknown god.
  1510 | D:3      | Found an opulent altar of Gozag.
  1734 | D:3      | Reached XP level 4. HP: 35/40 MP: 3/3
  1746 | D:3      | Reached skill level 4 in Axes
  2241 | D:4      | Noticed Natasha
  2245 | D:4      | Killed Natasha
  2246 | D:4      | Reached XP level 5. HP: 47/47 MP: 4/4
  2314 | D:4      | Noticed Natasha
  2320 | D:4      | Killed Natasha
  2383 | D:4      | Found a staircase to the Ecumenical Temple.
  2428 | D:4      | Noticed Natasha
  2436 | D:4      | Killed Natasha
  2484 | D:4      | Found an iron altar of Okawaru.
  2490 | D:4      | Became a worshipper of Warmaster Okawaru
  2495 | D:4      | Identified the +0 leather armour of the Tired Teeth {Int+4}
  2865 | D:5      | Entered Level 5 of the Dungeon
  2943 | D:5      | Noticed an ogre
  2947 | D:5      | Killed an ogre
  2948 | D:5      | Reached skill level 5 in Axes
  2948 | D:5      | Reached XP level 6. HP: 55/55 MP: 5/5
  3038 | D:5      | Reached skill level 5 in Fighting
  3142 | D:5      | Noticed an ice beast
  3150 | D:5      | Killed an ice beast
  3151 | D:5      | Reached skill level 5 in Armour
  3151 | D:5      | Reached skill level 5 in Shields
  3617 | D:6      | Found a blossoming altar of Fedhas.
  3746 | D:6      | Reached * piety under Okawaru
  3747 | D:6      | Reached skill level 6 in Axes
  3778 | D:6      | Found Pugyarghi's Book Shop.
  3846 | D:6      | Reached XP level 7. HP: 56/61 MP: 6/6
  3907 | D:6      | Noticed Menkaure
  3915 | D:6      | Killed Menkaure
  3916 | D:6      | Reached skill level 1 in Throwing
  4517 | D:7      | Noticed Duvessa
  4517 | D:7      | Noticed Dowan
  4527 | D:7      | Killed Duvessa
  4528 | D:7      | Reached skill level 7 in Axes
  4528 | D:7      | Killed Dowan
  4683 | D:7      | Found a sparkling altar of Nemelex Xobeh.
  4693 | D:7      | Reached XP level 8. HP: 49/70 MP: 7/7
  4903 | D:7      | Reached ** piety under Okawaru
  4987 | D:7      | Found a stormy altar of Qazlal.
  5015 | D:7      | Found a sand-covered staircase.
  5081 | Ossuary  | Entered an ossuary
  5663 | D:7      | Reached skill level 8 in Axes
  6188 | D:8      | Noticed a two-headed ogre
  6201 | D:8      | HP: 3/71 [two-headed ogre/+0 giant club (13)]
  6203 | D:8      | Demolished by a two-headed ogre

Illustrated notes

Levels and vault maps discovered:
D:1:      giann_wishing_wells, layout_loops_ring
D:2:      layout_loops_ring, chequers_ecumenical_altar_simple_redux
D:3:      layout_loops_ring, nicolae_gozag_seed_capital,
          minmay_misc_feat_ornament, chequers_mini_garden
D:4:      layout_loops_ring, mainiacjoe_overflow_boulevard, temple_pool_b,
          uniq_natasha
D:5:      layout_gridville
D:6:      layout_loops_cross, nicolae_overflow_crystal_walls, serial_shops,
          nicolae_shop_trees, uniq_menkaure
D:7:      layout_loops_cross, nemelex_dance_club_becter, lemuel_crystal_altar,
          nicolae_ossuary_entry_false_entrances, minivault_11,
          minmay_chambers_of_fives, uniq_duvessa
D:8:      gammafunk_corrupted_shrine, layout_rooms, minmay_manual_monolith

Skill      XL: |  1  2  3  4  5  6  7  8 |
---------------+-------------------------+-----
Axes           | 3 4 5 6 7 8 |  8.4
Fighting       | 4 5 6 |  6.7
Armour         | 4 5 6 |  6.6
Shields        | 4 5 6 |  6.6
Throwing       | 2 3 |  3.3

Action                     |  1- 3 |  4- 6 |  7- 9 || total
---------------------------+-------+-------+-------++-------
  Melee: War axe           |    65 |       |       ||    65
         Headbutt          |    17 |    23 |    24 ||    64
         Hand axe          |    19 |   106 |   142 ||   267
  Throw: Dart              |       |       |     2 ||     2
 Invoke: Heroism           |       |       |     1 ||     1
    Use: Scroll            |       |       |     8 ||     8
         Potion            |       |       |     4 ||     4
 Armour: Scale mail        |    39 |    31 |    31 ||   101
  Dodge: Dodged            |    33 |    43 |    40 ||   116
  Block: Buckler           |    15 |    19 |    37 ||    71
